TOP OF THE 1ST |
Montana Pandas batting - Pitching for Ft. Worth Cattlemen : RHP Robbie Baxter
|
Pitching: RHP Robbie Baxter
|
|
Batting: RHB Juanito González
|
0-0: Ball 1-0: Called Strike 1-1: Foul Ball, location: 2F 1-2: Foul Ball, location: 2F 1-2: Ground out 4-3 (Groundball, 4)
|
Batting: LHB Count Dante
|
0-0: Ball 1-0: Ball 2-0: Foul Ball, location: 2F 2-1: Ball 3-1: Ground out 1-3 (Groundball, 15)
|
Batting: RHB Mario Castillo
|
0-0: Ball 1-0: Ball 2-0: Foul Ball, location: 2F 2-1: Foul Ball, location: 2F 2-2: SOLO HOME RUN (Flyball, 7D), Distance : 396 ft
|
Batting: LHB Dewitt Hopper
|
0-0: Called Strike 0-1: Ground out 1-3 (Groundball, 13)
|
Top of the 1st over - 1 run, 1 hit, 0 errors, 0 left on base; Montana 1 - Ft. Worth 0 |
BOTTOM OF THE 1ST |
Ft. Worth Cattlemen batting - Pitching for Montana Pandas : LHP Walt Coffman
|
Pitching: LHP Walt Coffman
|
|
Batting: LHB Jesús Morales
|
0-0: Called Strike 0-1: SINGLE (Flyball, 3D)
|
Batting: RHB Keiran Calleson
|
0-0: Swinging Strike 0-1: Fly out, F3 (Popup, 34)
|
Batting: RHB Bart Lewis
|
0-0: DOUBLE (Line Drive, 8LXD) Jesús Morales to third Runner from 3rd tries for Home, SAFE, no throw
|
Batting: RHB António Pérez
|
0-0: SINGLE (Line Drive, 6D) Bart Lewis to third
|
Batting: RHB Juan Cabrera
|
0-0: Ball 1-0: Ground out U3 (Groundball, 34S) Bart Lewis scores António Pérez to second
|
Batting: LHB Rick Mayfield
|
0-0: Ball 1-0: 2-RUN HOME RUN (Flyball, 9LD), Distance : 361 ft
|
Batting: SHB Robby Day
|
0-0: Foul Ball, location: 2F 0-1: Ball 1-1: Ball 2-1: SINGLE (Groundball, 6D)
|
Batting: RHB Armando Chamú
|
0-0: Ball 1-0: Ball 2-0: Fly out, F6 (Line Drive, 6)
|
Bottom of the 1st over - 4 runs, 5 hits, 0 errors, 1 left on base; Montana 1 - Ft. Worth 4 |
TOP OF THE 2ND |
Montana Pandas batting - Pitching for Ft. Worth Cattlemen : RHP Robbie Baxter
|
Batting: RHB António Martínez
|
0-0: Called Strike 0-1: Ball 1-1: Ball 2-1: Ball 3-1: Foul Ball, location: 2F 3-2: Ground out U3 (Groundball, 34)
|
Batting: LHB Preston Witt
|
0-0: Called Strike 0-1: Swinging Strike 0-2: Ball 1-2: Strikes out swinging
|
Batting: LHB César Gómes
|
0-0: Ball 1-0: Called Strike 1-1: Bunt for hit - play at first, batter OUT! 1-3
|
Top of the 2nd over - 0 runs, 0 hits, 0 errors, 0 left on base; Montana 1 - Ft. Worth 4 |
BOTTOM OF THE 2ND |
Ft. Worth Cattlemen batting - Pitching for Montana Pandas : LHP Walt Coffman
|
Batting: SHB Roberto Mosca
|
0-0: Called Strike 0-1: Ground out 4-3 (Groundball, 4)
|
Batting: LHB Jesús Morales
|
0-0: Called Strike 0-1: Ball 1-1: Fly out, F3 (Line Drive, 3)
|
Batting: RHB Keiran Calleson
|
0-0: Called Strike 0-1: Called Strike 0-2: Ball 1-2: Foul Ball, location: 2F 1-2: Foul Ball, location: 2F 1-2: Ball 2-2: Ball 3-2: Ground out 4-3 (Groundball, 4)
|
Bottom of the 2nd over - 0 runs, 0 hits, 0 errors, 0 left on base; Montana 1 - Ft. Worth 4 |
TOP OF THE 3RD |
Montana Pandas batting - Pitching for Ft. Worth Cattlemen : RHP Robbie Baxter
|
Batting: RHB Xi-ku See-to
|
0-0: Ball 1-0: Ball 2-0: Called Strike 2-1: Called Strike 2-2: Ball 3-2: Strikes out swinging
|
Batting: RHB Pau Arria
|
0-0: Ball 1-0: Ball 2-0: SINGLE (Line Drive, 5D)
|
Batting: RHB Juanito González
|
0-0: Fly out, F9 (Flyball, 89M)
|
Batting: LHB Count Dante
|
0-0: Called Strike 0-1: Ball 1-1: Hit by Pitch Pau Arria to second
|
Batting: RHB Mario Castillo
|
0-0: Ball 1-0: Called Strike 1-1: Swinging Strike 1-2: Strikes out looking
|
Top of the 3rd over - 0 runs, 1 hit, 0 errors, 2 left on base; Montana 1 - Ft. Worth 4 |
BOTTOM OF THE 3RD |
Ft. Worth Cattlemen batting - Pitching for Montana Pandas : LHP Walt Coffman
|
Batting: RHB Bart Lewis
|
0-0: Foul Ball, location: 2F 0-1: Foul Ball, location: 2F 0-2: Ball 1-2: Ball 2-2: Ball 3-2: Foul Ball, location: 2F 3-2: Foul Ball, location: 2F 3-2: SINGLE (Groundball, 34D)
|
Batting: RHB António Pérez
|
0-0: Called Strike 0-1: Ball 1-1: Foul Ball, location: 2F 1-2: Foul Ball, location: 2F 1-2: Fielders Choice at 2nd, 4-6 (Groundball, 34)
|
Batting: RHB Juan Cabrera
|
0-0: Ball Throwing error on steal attempt, E2 António Pérez to third 1-0: Called Strike 1-1: Fly out, F7 (Flyball, 7S)
|
Batting: LHB Rick Mayfield
|
0-0: Ball 1-0: Called Strike 1-1: Called Strike 1-2: Foul Ball, location: 2F 1-2: Foul Ball, location: 2F 1-2: Ball 2-2: Ball 3-2: Ground out 1-3 (Groundball, 15S)
|
Bottom of the 3rd over - 0 runs, 1 hit, 1 error, 1 left on base; Montana 1 - Ft. Worth 4 |
TOP OF THE 4TH |
Montana Pandas batting - Pitching for Ft. Worth Cattlemen : RHP Robbie Baxter
|
Batting: LHB Dewitt Hopper
|
0-0: Called Strike 0-1: Foul Ball, location: 2F 0-2: Ball 1-2: Foul Ball, location: 2F 1-2: Ball 2-2: Ball 3-2: Ground out U3 (Groundball, 34)
|
Batting: RHB António Martínez
|
0-0: Ball 1-0: Ball 2-0: Called Strike 2-1: Foul Ball, location: 2F 2-2: Ball 3-2: Fly out, F6 (Flyball, 6MD)
|
Batting: LHB Preston Witt
|
0-0: Foul Ball, location: 2F 0-1: Ball 1-1: Called Strike 1-2: Strikes out looking
|
Top of the 4th over - 0 runs, 0 hits, 0 errors, 0 left on base; Montana 1 - Ft. Worth 4 |
BOTTOM OF THE 4TH |
Ft. Worth Cattlemen batting - Pitching for Montana Pandas : LHP Walt Coffman
|
Batting: SHB Robby Day
|
0-0: Ball 1-0: Foul Ball, location: 2F 1-1: Swinging Strike 1-2: Ball 2-2: Ball 3-2: Foul Ball, location: 2F 3-2: Ground out 6-3 (Groundball, 6)
|
Batting: RHB Armando Chamú
|
0-0: Called Strike 0-1: Ball 1-1: Foul Ball, location: 2F 1-2: Ball 2-2: Foul Ball, location: 2F 2-2: SINGLE (Flyball, 7S)
|
Batting: SHB Roberto Mosca
|
0-0: Called Strike 0-1: Called Strike 0-2: Strikes out looking
|
Batting: LHB Jesús Morales
|
0-0: SINGLE (Line Drive, 4MD) Armando Chamú to second
|
Batting: RHB Keiran Calleson
|
0-0: Ball 1-0: Ball 2-0: Ball 3-0: Base on Balls Armando Chamú to third Jesús Morales to second
|
Batting: RHB Bart Lewis
|
0-0: Called Strike 0-1: Ball 1-1: Ball 2-1: Ball 3-1: Base on Balls Armando Chamú scores Jesús Morales to third Keiran Calleson to second
|
Pitching: LHP Dan Crowder
|
|
Batting: RHB António Pérez
|
0-0: Ball 1-0: Foul Ball, location: 2F 1-1: GRAND SLAM HOME RUN (Flyball, 7LD), Distance : 355 ft
|
Batting: RHB Juan Cabrera
|
0-0: Ball 1-0: Ball 2-0: Ball 3-0: Called Strike 3-1: Base on Balls
|
Batting: LHB Rick Mayfield
|
0-0: SINGLE (Line Drive, 89S) Juan Cabrera to second Runner from 2nd tries for 3rd, SAFE, no throw
|
Batting: SHB Robby Day
|
0-0: Ball 1-0: Foul Ball, location: 2F 1-1: Ball 2-1: Ball 3-1: Ground out 6-3 (Groundball, 56)
|
Bottom of the 4th over - 5 runs, 4 hits, 0 errors, 2 left on base; Montana 1 - Ft. Worth 9 |
TOP OF THE 5TH |
Montana Pandas batting - Pitching for Ft. Worth Cattlemen : RHP Robbie Baxter
|
Batting: LHB César Gómes
|
0-0: Called Strike 0-1: Foul Ball, location: 2F 0-2: Ball 1-2: Strikes out swinging
|
Batting: RHB Xi-ku See-to
|
0-0: Called Strike 0-1: Fly out, F7 (Flyball, 78S)
|
Batting: RHB Pau Arria
|
0-0: Called Strike 0-1: Foul Ball, location: 2F 0-2: Strikes out swinging
|
Top of the 5th over - 0 runs, 0 hits, 0 errors, 0 left on base; Montana 1 - Ft. Worth 9 |
BOTTOM OF THE 5TH |
Ft. Worth Cattlemen batting - Pitching for Montana Pandas : LHP Dan Crowder
|
Batting: RHB Armando Chamú
|
0-0: Ball 1-0: Fly out, F8 (Line Drive, 8LD)
|
Batting: SHB Roberto Mosca
|
0-0: Ball 1-0: Fly out, F8 (Flyball, 8RM)
|
Batting: LHB Jesús Morales
|
0-0: SINGLE (Line Drive, 4D)
|
Batting: RHB Keiran Calleson
|
0-0: Ball 1-0: Ground out 4-3 (Groundball, 4)
|
Bottom of the 5th over - 0 runs, 1 hit, 0 errors, 1 left on base; Montana 1 - Ft. Worth 9 |
TOP OF THE 6TH |
Montana Pandas batting - Pitching for Ft. Worth Cattlemen : RHP Robbie Baxter
|
Batting: RHB Juanito González
|
0-0: Called Strike 0-1: Ball 1-1: Ground out 5-3 (Groundball, 56)
|
Batting: LHB Count Dante
|
0-0: Ball 1-0: Swinging Strike 1-1: Ball 2-1: Swinging Strike 2-2: Ball 3-2: Base on Balls
|
Batting: RHB Mario Castillo
|
0-0: Ball 1-0: Called Strike 1-1: Ball 2-1: Called Strike 2-2: Ball 3-2: Foul Ball, location: 2F 3-2: Base on Balls Count Dante to second
|
Batting: LHB Dewitt Hopper
|
0-0: Ball 1-0: Foul Ball, location: 2F 1-1: Ball 2-1: Foul Ball, location: 2F 2-2: Ball 3-2: Grounds into double play, 5-4-3 (Groundball, 56)
|
Top of the 6th over - 0 runs, 0 hits, 0 errors, 1 left on base; Montana 1 - Ft. Worth 9 |
BOTTOM OF THE 6TH |
Ft. Worth Cattlemen batting - Pitching for Montana Pandas : LHP Dan Crowder
|
Batting: RHB Bart Lewis
|
0-0: Ball 1-0: Fly out, F3 (Flyball, 3D)
|
Batting: RHB António Pérez
|
0-0: Ball 1-0: Foul Ball, location: 2F 1-1: Ball 2-1: SINGLE (Groundball, 34S) (infield hit)
|
Batting: RHB Juan Cabrera
|
0-0: Ball António Pérez steals 2nd base 1-0: Foul Ball, location: 2F 1-1: Foul Ball, location: 2F 1-2: Foul Ball, location: 2F 1-2: Ball 2-2: Foul Ball, location: 2F 2-2: Ball 3-2: Foul Ball, location: 2F 3-2: Ground out 1-3 (Groundball, 13) António Pérez to third
|
Batting: LHB Rick Mayfield
|
0-0: Fly out, F5 (Popup, 56)
|
Bottom of the 6th over - 0 runs, 1 hit, 0 errors, 1 left on base; Montana 1 - Ft. Worth 9 |
TOP OF THE 7TH |
Montana Pandas batting - Pitching for Ft. Worth Cattlemen : RHP Robbie Baxter
|
Batting: RHB António Martínez
|
0-0: Ball 1-0: Ball 2-0: Called Strike 2-1: Ground out 5-3 (Groundball, 56)
|
Batting: LHB Preston Witt
|
0-0: Foul Ball, location: 2F 0-1: Foul Ball, location: 2F 0-2: Ball 1-2: Ball 2-2: Fly out, F7 (Flyball, 7D)
|
Batting: LHB César Gómes
|
0-0: Swinging Strike 0-1: Foul Ball, location: 2F 0-2: Ball 1-2: Ground out 1-3 (Groundball, 15S)
|
Top of the 7th over - 0 runs, 0 hits, 0 errors, 0 left on base; Montana 1 - Ft. Worth 9 |
BOTTOM OF THE 7TH |
Ft. Worth Cattlemen batting - Pitching for Montana Pandas : LHP Dan Crowder
|
Batting: SHB Robby Day
|
0-0: Foul Ball, location: 2F 0-1: Ball 1-1: Ball 2-1: Called Strike 2-2: Ball 3-2: Base on Balls
|
Pitching: RHP Ieyoshi Asai
|
|
Batting: RHB Armando Chamú
|
0-0: Ball 1-0: Swinging Strike 1-1: Ball 2-1: Ball 3-1: Grounds into double play, 1-4-3 (Groundball, 15S)
|
Batting: SHB Roberto Mosca
|
0-0: Ball 1-0: Ball 2-0: Ground out 4-3 (Groundball, 4)
|
Bottom of the 7th over - 0 runs, 0 hits, 0 errors, 0 left on base; Montana 1 - Ft. Worth 9 |
TOP OF THE 8TH |
Montana Pandas batting - Pitching for Ft. Worth Cattlemen : RHP Robbie Baxter
|
Pitching: RHP Manny Amici
|
|
Now in RF: Juan Montés
|
|
Batting: RHB Xi-ku See-to
|
0-0: Foul Ball, location: 2F 0-1: Swinging Strike 0-2: Ball 1-2: Foul Ball, location: 2F 1-2: Ground out 5-3 (Groundball, 5S)
|
Batting: RHB Pau Arria
|
0-0: Foul Ball, location: 2F 0-1: Ground out 6-3 (Groundball, 6)
|
Batting: RHB Juanito González
|
0-0: Ball 1-0: Ground out 6-3 (Groundball, 6)
|
Top of the 8th over - 0 runs, 0 hits, 0 errors, 0 left on base; Montana 1 - Ft. Worth 9 |
BOTTOM OF THE 8TH |
Ft. Worth Cattlemen batting - Pitching for Montana Pandas : RHP Ieyoshi Asai
|
Batting: LHB Jesús Morales
|
0-0: Ground out U3 (Groundball, 3S)
|
Batting: RHB Keiran Calleson
|
0-0: Called Strike 0-1: Ball 1-1: Ball 2-1: Ground out 3-1 (Groundball, 34S)
|
Batting: RHB Bart Lewis
|
0-0: Ball 1-0: Ball 2-0: Fly out, F7 (Flyball, 7S)
|
Bottom of the 8th over - 0 runs, 0 hits, 0 errors, 0 left on base; Montana 1 - Ft. Worth 9 |
TOP OF THE 9TH |
Montana Pandas batting - Pitching for Ft. Worth Cattlemen : RHP Manny Amici
|
Now at 2B: Juan Aguirre
|
|
Batting: LHB Count Dante
|
0-0: Foul Ball, location: 2F 0-1: Hit by Pitch
|
Batting: RHB Mario Castillo
|
0-0: Ball 1-0: Called Strike 1-1: Foul Ball, location: 2F 1-2: Ball 2-2: Ball 3-2: Foul Ball, location: 2F 3-2: Base on Balls Count Dante to second
|
Batting: LHB Dewitt Hopper
|
0-0: Foul Ball, location: 2F 0-1: Foul Ball, location: 2F 0-2: Fielders Choice at 2nd, 3-6 (Groundball, 34) Count Dante to third
|
Batting: RHB António Martínez
|
0-0: Ball 1-0: Ball 2-0: Called Strike 2-1: Called Strike 2-2: Ball 3-2: Base on Balls Dewitt Hopper to second
|
Batting: LHB Preston Witt
|
0-0: Called Strike 0-1: Foul Ball, location: 2F 0-2: SINGLE (Groundball, 34D) Count Dante scores Dewitt Hopper to third António Martínez to second
|
Batting: LHB César Gómes
|
0-0: Called Strike 0-1: Swinging Strike 0-2: Foul Ball, location: 2F 0-2: GRAND SLAM HOME RUN (Flyball, 7LD), Distance : 372 ft
|
Pitching: RHP Burm Snart
|
|
Batting: RHB Xi-ku See-to
|
0-0: Foul Ball, location: 2F 0-1: Ground out 5-3 (Groundball, 56)
|
Batting: RHB Pau Arria
|
0-0: Called Strike 0-1: Swinging Strike 0-2: Ball 1-2: SINGLE (Line Drive, 56)
|
Pitching: RHP Gojong Joseon
|
|
Batting: RHB Juanito González
|
0-0: Ground out 1-3 (Groundball, 13S)
|
Top of the 9th over - 5 runs, 3 hits, 0 errors, 1 left on base; Montana 6 - Ft. Worth 9 |
|